 Dungeon Crawl Stone Soup version 0.30.1-11-g7821555f0a (webtiles) character file.

Game seed: 12051148670620400227

19170 Peloso the Carver (level 12, -1/110 HPs)
             Began as a Minotaur Fighter on Jan 10, 2024.
             Was the Champion of Okawaru.
             Slain by a skyshark (8 damage)
             ... on level 1 of the Lair of Beasts.
             The game lasted 00:25:05 (16027 turns).

Peloso the Carver (Minotaur Fighter)               Turns: 16027, Time: 00:25:05

Health: -1/110     AC: 19    Str: 21    XL:     12   Next: 34%
Magic:  11/11      EV:  9    Int:  5    God:    Okawaru [******]
Gold:   1083       SH:  6    Dex: 15    Spells: 11/11 levels left

rFire   . . .        b - +2 scimitar (flame)
rCold   . . .        d - +0 buckler
rNeg    . . .        G - +0 plate armour
rPois   .            H - +0 hat
rElec   .            N - +0 cloak
rCorr   .            u - +0 pair of gloves
SInv    .            (no boots)
Will    .....        g - amulet of faith Stlth
                     E - +4 ring of slaying
HPRegen 0.38/turn    (no ring)
MPRegen 0.12/turn

%: faith
@: no status effects
A: horns 2, retaliatory headbutt
a: Renounce Religion, Heroism, Finesse, Duel


You were on level 1 of the Lair of Beasts.
You worshipped Okawaru.
Okawaru was exalted by your worship.
You visited 3 branches of the dungeon, and saw 15 of its levels.

You collected 1083 gold pieces.

Inventory:

Hand Weapons
 a - a +0 long sword of draining
 b - a +2 scimitar of flaming (weapon)
 c - a +0 scimitar of electrocution
Armour
 d - a +0 buckler (worn)
 s - a +0 chain mail
 u - a +0 pair of gloves (worn)
 G - a +0 plate armour (worn)
 H - a +0 hat (worn)
 N - a +0 cloak (worn)
Jewellery
 g - an amulet of faith (around neck)
 E - a +4 ring of slaying (left hand)
 Q - a ring of resist corrosion
Wands
 q - a wand of digging (7)
 t - a wand of roots (2)
 w - a wand of polymorph (2)
 A - a wand of mindburst (8)
 K - a wand of light (11)
 O - a wand of paralysis (9)
Scrolls
 e - 2 scrolls of butterflies {unknown}
 h - 4 scrolls of vulnerability {unknown}
 i - 3 scrolls of immolation {unknown}
 j - 3 scrolls of fog
 m - 3 scrolls of teleportation {unknown}
 n - 3 scrolls of brand weapon
 p - 3 scrolls of noise {unknown}
 v - 3 scrolls of poison
 y - 2 scrolls of magic mapping
 D - a scroll of enchant weapon {unknown}
 I - 2 scrolls of blinking {unknown}
 J - a scroll of amnesia {unknown}
 M - 2 scrolls of identify
Potions
 f - 4 potions of haste
 k - 2 potions of invisibility
 l - 2 potions of heal wounds
 o - 2 potions of cancellation
 r - 3 potions of might
 x - a potion of flight
 z - a potion of curing
 B - 4 potions of magic
 C - a potion of mutation {unknown}
 F - a potion of ambrosia
 L - 2 potions of resistance
 P - 2 potions of berserk rage


   Skills:
 + Level 11.2 Fighting
 + Level 14.5 Long Blades
 + Level 13.3 Armour
 + Level 4.7 Dodging
 + Level 2.2 Stealth
 + Level 9.3 Shields
 + Level 0.8 Unarmed Combat
 + Level 0.9 Invocations
 + Level 1.3 Evocations


You had 11 spell levels left.
You didn't know any spells.
Your spell library contained the following spells:

 Spells                   Type           Power      Damage    Failure   Level
 Apportation              Tloc           0%         N/A       100%        1
 Necrotise                Necr           0%         1d4       100%        1
 Blink                    Tloc           0%         N/A       100%        2
 Cigotuvi's Dreadful Rot  Necr/Pois/Air  0%         N/A       100%        2
 Poisonous Vapours        Pois/Air       0%         N/A       100%        2
 Scorch                   Fire           0%         2d5       100%        2
 Ignite Poison            Fire/Tmut/Pois 0%         N/A       100%        3
 Inner Flame              Hex/Fire       0%         N/A       100%        3
 Mephitic Cloud           Conj/Pois/Air  0%         N/A       100%        3
 Portal Projectile        Hex/Tloc       0%         N/A       100%        3
 Flame Wave               Conj/Fire      0%         2d4       100%        4
 Leda's Liquefaction      Hex/Erth       0%         N/A       100%        4
 Manifold Assault         Tloc           0%         N/A       100%        4
 Passage of Golubria      Tloc           0%         N/A       100%        4
 Sticky Flame             Conj/Fire      0%         2d3       100%        4
 Freezing Cloud           Conj/Ice/Air   0%         6-21      100%        5
 Yara's Violent Unravell  Hex/Tmut       0%         3d3       100%        5
 Storm Form               Tmut/Air       0%         N/A       100%        7
 Ignition                 Fire           0%         3d3       100%        8
 Summon Small Mammal      Summ           Unusable   N/A       N/A         1
 Call Canine Familiar     Summ           Unusable   N/A       N/A         3
 Tukima's Dance           Hex            Unusable   N/A       N/A         3
 Summon Cactus Giant      Summ           Unusable   N/A       N/A         6

Dungeon Overview and Level Annotations

Branches:
Dungeon (12/15)            Temple (1/1) D:6            Lair (2/5) D:10
    Orc (0/2) D:10
  Swamp: Lair:2-3    Shoals: Lair:2-3     Snake: Lair:2-3    Spider: Lair:2-3

Altars:
Ashenzari
Elyvilon
Makhleb
Nemelex Xobeh
Okawaru
Qazlal
Sif Muna
Vehumet
Wu Jian
Xom
The Shining One

Shops:
D:11 *

Annotations:
D:8 Dig


Innate Abilities, Weirdness & Mutations

You have a pair of horns on your head.
You reflexively headbutt those who attack you in melee.


Message History

Unknown command.
You hit the skyshark. You burn the skyshark.
You headbutt the skyshark, but do no damage.
The skyshark is lightly wounded.
You slash the skyshark! You burn the skyshark. You headbutt the skyshark.
The skyshark is heavily wounded.
The skyshark bites you!
The skyshark enters a blood-rage!
The skyshark tail-slaps you! The skyshark completely misses you.
You hit the skyshark but do no damage.
The skyshark is heavily wounded.
The skyshark bites you!
* * * LOW HITPOINT WARNING * * *
The skyshark tail-slaps you but does no damage.
The skyshark tail-slaps you.
* * * LOW HITPOINT WARNING * * *
You hit the skyshark. You burn the skyshark. You headbutt the skyshark!
The skyshark is heavily wounded.
The skyshark barely misses you. The skyshark completely misses you.
The skyshark tail-slaps you but does no damage.
Unknown command.
You hit the skyshark. You burn the skyshark. Your headbutt misses the skyshark.
The skyshark is severely wounded.
The skyshark bites you!!
* * * LOW HITPOINT WARNING * * *
The skyshark tail-slaps you.
* * * LOW HITPOINT WARNING * * *
The skyshark tail-slaps you but does no damage.
You feel much better.
The skyshark bites you but does no damage.
The skyshark tail-slaps you but does no damage. x2
The skyshark barely misses you. x2; The skyshark tail-slaps you.
* * * LOW HITPOINT WARNING * * *
Unknown command.
You hit the skyshark. You burn the skyshark.
The skyshark is severely wounded.
The skyshark bites you!!
* * * LOW HITPOINT WARNING * * *
The skyshark tail-slaps you but does no damage.
The skyshark tail-slaps you!
You die...

############ ##..........#
#....^......# #...........# ###
#...........#
#####P#########..........#######
##P.............l.รท......#.##..#.
................@................
.................................
.................................
.................................
.................................
.................................
....................)[...........
......#.........#................
.##...##.......##.........###....


You could see a skyshark (berserk).

Vanquished Creatures
  2 boulder beetles
  Erica (Lair:1)
  A two-headed ogre (D:11)
  Sonja (D:12)
  Amaemon (Lair:1)
  A deep elf pyromancer (D:12)
  2 cyclopes
  A black mamba (Lair:1)
  Joseph (D:9)
  An orange demon (D:10)
  A rime drake (Lair:2)
  3 cane toads
  2 unseen horrors
  3 komodo dragons
  2 kobold demonologists (D:12)
  2 trolls (D:12)
  A polar bear (Lair:1)
  4 shadows
  2 wraiths
  A vampire (D:12)
  A wyvern (Lair:1)
  26 yaks
  An acid dragon (D:12)
  Edmund (D:5)
  6 water moccasins
  Duvessa (D:6)
  4 orc warriors
  A sky beast (D:7)
  An ice beast (D:5)
  A black bear (D:4)
  5 centaurs
  5 kobold brigands
  Blork the orc (D:5)
  4 bullfrogs
  2 gnoll sergeants
  A scorpion (D:7)
  9 wights
  Dowan (D:6)
  12 killer bees
  2 howler monkeys
  3 electric eels (D:10)
  A hound (D:5)
  4 jellies
  7 orc priests
  2 gnoll boudas (D:7)
  4 iguanas
  A sleepcap (D:6)
  Jessica (D:2)
  8 orc wizards
  18 gnolls
  7 adders
  3 worms
  3 dart slugs
  50 orcs
  7 ball pythons
  8 endoplasms
  2 giant cockroaches
  12 hobgoblins
  10 jackals
  20 kobolds
  A quokka (D:1)
  3 bats
  3 frilled lizards
  8 goblins
  4 rats
308 creatures vanquished.

Notes
Turn   | Place    | Note
-------+----------+-------------------------------------------
     0 | D:1      | Peloso the Minotaur Fighter began the quest for the Orb.
     0 | D:1      | Reached XP level 1. HP: 19/19 MP: 0/0
    38 | D:1      | You fall into a shaft and drop 1 floor!
    88 | D:2      | Noticed Jessica
   103 | D:2      | Killed Jessica
   104 | D:2      | Reached XP level 2. HP: 7/27 MP: 1/1
   212 | D:2      | Reached XP level 3. HP: 33/33 MP: 2/2
   494 | D:2      | Reached skill level 3 in Long Blades
   920 | D:1      | Reached XP level 4. HP: 40/40 MP: 3/3
  1191 | D:1      | Found a faded altar of an unknown god.
  2190 | D:3      | Reached skill level 1 in Dodging
  2198 | D:3      | Reached skill level 4 in Long Blades
  2261 | D:3      | Found an iron altar of Okawaru.
  2272 | D:3      | Became a worshipper of Warmaster Okawaru
  2609 | D:3      | Found a burning altar of Makhleb.
  2747 | D:3      | Found a shimmering blue altar of Sif Muna.
  2767 | D:3      | Reached XP level 5. HP: 47/47 MP: 4/4
  2957 | D:4      | Noticed a black bear
  2969 | D:4      | Killed a black bear
  2970 | D:4      | Reached skill level 5 in Armour
  3693 | D:5      | Entered Level 5 of the Dungeon
  3702 | D:5      | Reached XP level 6. HP: 50/53 MP: 5/5
  3789 | D:5      | Found a sparkling altar of Nemelex Xobeh.
  3815 | D:5      | Found a white marble altar of Elyvilon.
  3859 | D:5      | Reached skill level 5 in Long Blades
  4210 | D:5      | Noticed an ice beast
  4217 | D:5      | Killed an ice beast
  4217 | D:5      | Reached * piety under Okawaru
  4284 | D:5      | Noticed Edmund
  4292 | D:5      | Killed Edmund
  4293 | D:5      | Reached skill level 5 in Fighting
  4293 | D:5      | Reached XP level 7. HP: 61/61 MP: 3/6
  4421 | D:5      | Reached skill level 6 in Long Blades
  4462 | D:5      | Noticed Blork the orc
  4471 | D:5      | Killed Blork the orc
  4875 | D:6      | Found a staircase to the Ecumenical Temple.
  4885 | D:6      | Reached ** piety under Okawaru
  4886 | D:6      | Reached skill level 7 in Long Blades
  4897 | Temple   | Entered the Ecumenical Temple
  5051 | D:6      | Reached XP level 8. HP: 41/67 MP: 7/7
  5058 | D:6      | Reached skill level 5 in Shields
  5402 | D:6      | Found a radiant altar of Vehumet.
  5449 | D:6      | Noticed Duvessa
  5449 | D:6      | Noticed Dowan
  5463 | D:6      | Killed Duvessa
  5470 | D:6      | Killed Dowan
  5471 | D:6      | Reached skill level 8 in Long Blades
  6030 | D:7      | Reached *** piety under Okawaru
  6170 | D:7      | Reached skill level 9 in Long Blades
  6226 | D:7      | Found a glowing golden altar of the Shining One.
  6689 | D:7      | Reached XP level 9. HP: 75/78 MP: 8/8
  7205 | D:7      | Reached skill level 10 in Long Blades
  7600 | D:8      | Found a shimmering altar of Xom.
  7601 | D:8      | Found a shimmering altar of Xom.
  7601 | D:8      | Found a shimmering altar of Xom.
  7601 | D:8      | Found a shimmering altar of Xom.
  7666 | D:8      | Found a shimmering altar of Xom.
  7918 | D:9      | Noticed Joseph
  7936 | D:9      | Killed Joseph
  7936 | D:9      | Reached **** piety under Okawaru
  8189 | D:9      | Reached skill level 11 in Long Blades
  8629 | D:9      | Noticed a boulder beetle
  8662 | D:9      | Killed a boulder beetle
  8663 | D:9      | Reached XP level 10. HP: 26/88 MP: 9/9
  9108 | D:9      | Found a broken altar of Ashenzari.
  9554 | D:10     | Entered Level 10 of the Dungeon
  9660 | D:10     | Reached skill level 12 in Long Blades
  9739 | D:10     | Found a staircase to the Orcish Mines.
  9742 | D:10     | Reached skill level 1 in Stealth
  9921 | D:10     | Found a stormy altar of Qazlal.
 10026 | D:10     | Reached ***** piety under Okawaru
 10478 | D:10     | Reached skill level 10 in Armour
 10495 | D:10     | Found a staircase to the Lair.
 11082 | D:10     | Reached skill level 1 in Evocations
 11148 | D:10     | Found an ornate altar of the Wu Jian Council.
 12015 | D:11     | Noticed a two-headed ogre
 12025 | D:11     | Killed a two-headed ogre
 12224 | D:11     | Noticed a cyclops
 12234 | D:11     | Killed a cyclops
 12234 | D:11     | Received a gift from Okawaru
 12235 | D:11     | Reached XP level 11. HP: 82/97 MP: 7/10
 12335 | D:11     | Reached skill level 13 in Long Blades
 12423 | D:11     | Found Becsoxis's General Store.
 12703 | D:12     | Noticed a deep elf pyromancer
 12721 | D:12     | Killed a deep elf pyromancer
 12857 | D:12     | Noticed a boulder beetle
 12894 | D:12     | Killed a boulder beetle
 13317 | D:12     | Received a gift from Okawaru
 13463 | D:12     | Reached skill level 10 in Fighting
 13752 | D:12     | Noticed Sonja
 13754 | D:12     | Killed Sonja
 14059 | Lair:1   | Entered Level 1 of the Lair of Beasts
 14059 | Lair:1   | Noticed Amaemon
 14081 | Lair:1   | Killed Amaemon
 14205 | Lair:1   | Identified the +3 short sword of Butchery {pain, Will+
                  | Str+3 SInv}
 14267 | Lair:1   | Reached ****** piety under Okawaru
 14273 | Lair:1   | Reached skill level 14 in Long Blades
 14884 | Lair:1   | Noticed Erica
 15266 | Lair:1   | Reached XP level 12. HP: 107/107 MP: 11/11
 15411 | Lair:1   | Killed Erica
 15448 | Lair:2   | Received a gift from Okawaru
 16027 | Lair:1   | Slain by a skyshark

Illustrated notes

Levels and vault maps discovered:
D:1:      dpeg_arrival_circle_labyrinth_c, layout_basic,
          chequers_ecumenical_altar_simple
D:2:      minmay_chambers_of_ones, layout_rooms, minmay_misc_feat_alley,
          uniq_jessica
D:3:      layout_loops_ring, lemuel_doored_altar, kennysheep_okawaru_gauntlet,
          general_overflow_altar, minmay_vboxes
D:4:      layout_cave_pods
D:5:      layout_gridville, elyvilon_altar_3,
          mainiacjoe_overflow_six_doors_small, patterned_corridor, uniq_edmund,
          uniq_blork_the_orc
D:6:      layout_loops_cross, mainiacjoe_overflow_alcove_2,
          minmay_temple_entry_tees, uniq_duvessa
D:7:      layout_loops_ring, lemuel_tele_altar, minmay_stone_trees_small
D:8:      layout_rooms, xom_shifter_show, serial_rivers,
          chequers_serial_rivers_room_a, chequers_serial_rivers_room_a,
          chequers_serial_rivers_micro_b, chequers_serial_rivers_large_b,
          chequers_serial_rivers_marsh
D:9:      layout_layer_cave, ashenzari_altar_1, unseen_surprise_small,
          uniq_joseph
D:10:     layout_basic, nzn_wu_jian_contemplation, kennysheep_mini,
          david_lair_shrubbed, hiddenorc2_lemuel
D:11:     layout_cave_pools, serial_shops, nicolae_shop_waterfront
D:12:     layout_loops_ring, uniq_sonja
Temple:   jpeg_temple_clearing
Lair:1:   layout_hall_layers, minivault_23, uniq_amaemon, uniq_erica
Lair:2:   minmay_guarded_unrand_snakebite, layout_misc_corridors,
          nicolae_snake_entry_warm_welcome, ebering_ghost_inner_flame,
          serial_bayou_shore_a

Skill      XL: |  1  2  3  4  5  6  7  8  9 10 11 12 |
---------------+-------------------------------------+-----
Fighting       | 4 5 6 7 9 10 11 | 11.2
Armour         | 4 5 6 7 9 10 12 13 | 13.3
Shields        | 4 5 7 9 |  9.3
Long Blades    | 3 4 5 7 9 11 12 14 | 14.5
Dodging        | 1 2 3 4 |  4.7
Stealth        | 1 2 |  2.2
Evocations     | 1 |  1.3
Unarmed Combat | |  0.8
Invocations    | |  0.9

Action                     |  1- 3 |  4- 6 |  7- 9 | 10-12 || total
---------------------------+-------+-------+-------+-------++-------
  Melee: Long sword        |    60 |   180 |   264 |   372 ||   876
         Headbutt          |     7 |    28 |    52 |   124 ||   211
         Unarmed           |       |       |       |     4 ||     4
         Scimitar          |       |       |       |    72 ||    72
 Invoke: Heroism           |       |     1 |     2 |     5 ||     8
  Evoke: Wand              |       |       |     2 |    12 ||    14
    Use: Potion            |       |     5 |       |     5 ||    10
         Scroll            |       |     5 |     3 |     7 ||    15
   Stab: Confused          |       |       |       |     1 ||     1
         Distracted        |       |       |       |     1 ||     1
 Armour: Scale mail        |    39 |    39 |       |       ||    78
         Chain mail        |       |    68 |   113 |       ||   181
         Plate armour      |       |       |    37 |   251 ||   288
         Skin              |       |       |       |     2 ||     2
  Dodge: Dodged            |    31 |   104 |    99 |   152 ||   386
  Block: Buckler           |    14 |    56 |    89 |   126 ||   285
